FLO
DAYTONA TORTUGAS @ LAKELAND FLYING TIGERS
04/27/2024
 
TOP OF THE 1ST
Daytona Tortugas batting - Pitching for Lakeland Flying Tigers : LHP Robert Ahlstrom
Pitching: LHP Robert Ahlstrom
Batting: SHB Mathieu Morel 0-0: Foul Ball, location: 7LSFF
0-1: Foul Ball, location: 9LDF
0-2: Ball
1-2: Strikes out looking
Batting: RHB Austin Alderton 0-0: Ball
1-0: Foul Ball, location: 2F
1-1: Swinging Strike
1-2: Ball
2-2: Foul Ball, location: 7LMF
2-2: Strikes out swinging, 2-3 out at first.
Batting: SHB Jose Salas 0-0: Ball
1-0: Foul Ball, location: 9LMF
1-1: Ball
2-1: Foul Ball, location: 25F
2-2: Ball
3-2: Base on Balls
Batting: RHB Peyton Brown 0-0: Ball
1-0: Ball
Wild Pitch!
Jose Salas to second
2-0: Foul Ball, location: 9LSF
2-1: Ground out 3-1 (Groundball, 34, EV 101.3 MPH)
Top of the 1st over - 0 runs, 0 hits, 0 errors, 1 left on base; Daytona 0 - Lakeland 0
BOTTOM OF THE 1ST
Lakeland Flying Tigers batting - Pitching for Daytona Tortugas : RHP Kenny Shull
Pitching: RHP Kenny Shull
Batting: LHB Julián Colón 0-0: Foul Ball, location: 7LMF
0-1: Foul Ball, location: 9LMF
0-2: Ball
1-2: Ball
2-2: Ball
3-2: SINGLE (Line Drive, 9LS, EV 89.4 MPH)
Batting: RHB Ambrose MacDonald 0-0: Ball
Julián Colón steals 2nd base (no throw)
1-0: Ball
2-0: Foul Ball, location: 7LMF
2-1: SINGLE (Groundball, 4MD, EV 101.9 MPH)
Julián Colón to third
Runner from 3rd tries for Home, throw by CF and OUT! 8-2
Batting: RHB Ismael Villarreal 0-0: Ball
1-0: Foul Ball, location: 3F
1-1: SINGLE (Groundball, 6MD, EV 101.9 MPH)
Ambrose MacDonald to second
Batting: LHB Freddie Brock 0-0: Called Strike
0-1: Ball
Wild Pitch!
Ambrose MacDonald to third
Ismael Villarreal to second
1-1: Fly out, F9 (Flyball, 9LSF, EV 78.8 MPH)
Batting: RHB Carlos Acevedo 0-0: Ground out 6-3 (Groundball, 6, EV 108.8 MPH)
Bottom of the 1st over - 0 runs, 3 hits, 0 errors, 2 left on base; Daytona 0 - Lakeland 0
TOP OF THE 2ND
Daytona Tortugas batting - Pitching for Lakeland Flying Tigers : LHP Robert Ahlstrom
Batting: LHB Wes Kath 0-0: Ball
1-0: Ball
2-0: Foul Ball, location: 5DF
2-1: SINGLE (Line Drive, 9S, EV 98.1 MPH)
Batting: RHB Silas Ardoin 0-0: Ball
1-0: Foul Ball, location: 25F
1-1: Called Strike
1-2: Ball
2-2: SINGLE (Groundball, 34D, EV 105.0 MPH)
Wes Kath to second
Runner from 2nd tries for 3rd, SAFE, no throw by RF
Batting: RHB Paul Gillespie 0-0: Called Strike
0-1: SINGLE (Groundball, 34D, EV 100.0 MPH)
Wes Kath scores
Silas Ardoin to second
Runner from 2nd tries for 3rd, SAFE, throw by RF made to third
Batting: SHB Braden Montgomery 0-0: Ball
1-0: Foul Ball, location: 9LMF
1-1: Ball
2-1: Ball
3-1: Ground out 5-3 (Groundball, 56, EV 100.6 MPH)
Silas Ardoin scores
Paul Gillespie to second
Batting: RHB José Rodríguez 0-0: Ball
Wild Pitch!
Paul Gillespie to third
1-0: Swinging Strike
1-1: Ball
2-1: Ball
Wild Pitch!
Paul Gillespie scores
3-1: Fly out, F9 (Flyball, 89M, EV 88.1 MPH)
Batting: SHB Mathieu Morel 0-0: Ball
1-0: Ball
2-0: Ball
3-0: Base on Balls
Batting: RHB Austin Alderton 0-0: Fly out, F4 (Popup, 34D, EV 50.0 MPH)
Top of the 2nd over - 3 runs, 3 hits, 0 errors, 1 left on base; Daytona 3 - Lakeland 0
BOTTOM OF THE 2ND
Lakeland Flying Tigers batting - Pitching for Daytona Tortugas : RHP Kenny Shull
Batting: RHB Dan Hernández 0-0: Swinging Strike
0-1: Ball
1-1: Called Strike
1-2: Strikes out swinging
Batting: RHB Jason Clark 0-0: Ball
1-0: Foul Ball, location: 9LSF
1-1: DOUBLE (Line Drive, 3D, EV 93.8 MPH)
Batting: RHB Bernard Bunch 0-0: Ground out 4-3 (Groundball, 4, EV 103.1 MPH)
Jason Clark to third
Batting: RHB Rafael Núñez 0-0: Called Strike
0-1: Foul Ball, location: 23F
0-2: Ball
1-2: Foul Ball, location: 7LMF
1-2: Fly out, F7 (Line Drive, 7, EV 87.5 MPH)
Bottom of the 2nd over - 0 runs, 1 hit, 0 errors, 1 left on base; Daytona 3 - Lakeland 0
TOP OF THE 3RD
Daytona Tortugas batting - Pitching for Lakeland Flying Tigers : LHP Robert Ahlstrom
Batting: SHB Jose Salas 0-0: Ball
1-0: Swinging Strike
1-1: SINGLE (Groundball, 15S, EV 71.3 MPH) (infield hit)
Batting: RHB Peyton Brown 0-0: Ball
1-0: Called Strike
1-1: Foul Ball, location: 3F
1-2: Foul Ball, location: 23F
1-2: Fly out, F8 (Flyball, 89M, EV 95.0 MPH)
Batting: LHB Wes Kath 0-0: Foul Ball, location: 23FF
0-1: SINGLE (Flyball, 5D, EV 89.4 MPH)
Jose Salas to second
Batting: RHB Silas Ardoin 0-0: Ball
1-0: Fly out, F9 (Flyball, 9D, EV 88.1 MPH)
Runner from 2nd tags up, SAFE at 3rd, no throw by RF
Batting: RHB Paul Gillespie 0-0: Ball
1-0: Called Strike
1-1: Ball
2-1: Foul Ball, location: 3SF
2-2: Fly out, F3 (Popup, 3F, EV 63.1 MPH)
Top of the 3rd over - 0 runs, 2 hits, 0 errors, 2 left on base; Daytona 3 - Lakeland 0
BOTTOM OF THE 3RD
Lakeland Flying Tigers batting - Pitching for Daytona Tortugas : RHP Kenny Shull
Batting: LHB Julián Colón 0-0: Foul Ball, location: 9LMF
0-1: Ball
1-1: Fly out, F8 (Flyball, 8LD, EV 94.4 MPH)
Batting: RHB Ambrose MacDonald 0-0: Called Strike
0-1: Foul Ball, location: 5FF
0-2: SOLO HOME RUN (Line Drive, 89XD, EV 107.5 MPH), Distance : 430 ft
Batting: RHB Ismael Villarreal 0-0: Foul Ball, location: 9LDF
0-1: Ball
1-1: Foul Ball, location: 9LDF
1-2: Ground out 5-3 (Groundball, 56S, EV 67.5 MPH)
Batting: LHB Freddie Brock 0-0: Ball
1-0: Ball
2-0: Called Strike
2-1: Foul Ball, location: 2F
2-2: Ball
3-2: Fly out, F5 (Popup, 5L, EV 65.6 MPH)
Bottom of the 3rd over - 1 run, 1 hit, 0 errors, 0 left on base; Daytona 3 - Lakeland 1
TOP OF THE 4TH
Daytona Tortugas batting - Pitching for Lakeland Flying Tigers : LHP Robert Ahlstrom
Batting: SHB Braden Montgomery 0-0: Called Strike
0-1: Ball
1-1: Foul Ball, location: 9LMF
1-2: Ground out 5-3 (Groundball, 5D, EV 96.9 MPH)
Batting: RHB José Rodríguez 0-0: Ball
1-0: Swinging Strike
1-1: Called Strike
1-2: SINGLE (Groundball, 4D, EV 97.5 MPH)
Batting: SHB Mathieu Morel 0-0: Ball
1-0: Ball
2-0: Swinging Strike
2-1: Foul Ball, location: 23F
2-2: SINGLE (Line Drive, 6M, EV 93.8 MPH)
José Rodríguez to second
Batting: RHB Austin Alderton 0-0: Called Strike
0-1: Ball
1-1: Ball
2-1: Fly out, F8 (Flyball, 8RD, EV 107.5 MPH)
Batting: SHB Jose Salas 0-0: Called Strike
0-1: Called Strike
0-2: Ball
1-2: Ball
2-2: Foul Ball, location: 9LMF
2-2: Fielders Choice at 2nd, 6-4 (Groundball, 6, EV 83.1 MPH)
Top of the 4th over - 0 runs, 2 hits, 0 errors, 2 left on base; Daytona 3 - Lakeland 1
BOTTOM OF THE 4TH
Lakeland Flying Tigers batting - Pitching for Daytona Tortugas : RHP Kenny Shull
Batting: RHB Carlos Acevedo 0-0: Foul Ball, location: 2F
0-1: Ball
1-1: Ball
2-1: Ball
3-1: Foul Ball, location: 2F
3-2: Ground out 5-3 (Groundball, 5, EV 90.6 MPH)
Batting: RHB Dan Hernández 0-0: Ball
1-0: Ball
2-0: Called Strike
2-1: SINGLE (Groundball, 6MD, EV 108.8 MPH)
Batting: RHB Jason Clark 0-0: Called Strike
0-1: Grounds into double play, 4-6-3 (Groundball, 4, EV 85.0 MPH)
Bottom of the 4th over - 0 runs, 1 hit, 0 errors, 0 left on base; Daytona 3 - Lakeland 1
TOP OF THE 5TH
Daytona Tortugas batting - Pitching for Lakeland Flying Tigers : LHP Robert Ahlstrom
Batting: RHB Peyton Brown 0-0: Called Strike
0-1: Swinging Strike
0-2: Ball
1-2: Strikes out swinging
Batting: LHB Wes Kath 0-0: Called Strike
0-1: Called Strike
0-2: Strikes out swinging
Batting: RHB Silas Ardoin 0-0: Swinging Strike
0-1: Ball
1-1: Fly out, F7 (Flyball, 78M, EV 83.1 MPH)
Top of the 5th over - 0 runs, 0 hits, 0 errors, 0 left on base; Daytona 3 - Lakeland 1
BOTTOM OF THE 5TH
Lakeland Flying Tigers batting - Pitching for Daytona Tortugas : RHP Kenny Shull
Batting: RHB Bernard Bunch 0-0: Ball
1-0: Called Strike
1-1: Ball
2-1: Foul Ball, location: 7LSF
2-2: Ground out 5-3 (Groundball, 5S, EV 83.1 MPH)
Batting: RHB Rafael Núñez 0-0: Foul Ball, location: 3FF
0-1: Ball
1-1: SINGLE (Line Drive, 78S, EV 101.3 MPH)
Batting: LHB Julián Colón 0-0: Ball
1-0: Called Strike
1-1: Fly out, F8 (Line Drive, 8RM, EV 99.4 MPH)
Batting: RHB Ambrose MacDonald 0-0: Ball
1-0: Ball
2-0: Swinging Strike
2-1: Called Strike
2-2: Foul Ball, location: 3DF
2-2: Strikes out swinging
Bottom of the 5th over - 0 runs, 1 hit, 0 errors, 1 left on base; Daytona 3 - Lakeland 1
TOP OF THE 6TH
Daytona Tortugas batting - Pitching for Lakeland Flying Tigers : LHP Robert Ahlstrom
Pitching: RHP Edgardo Ortíz
Batting: RHB Paul Gillespie 0-0: Ball
1-0: Foul Ball, location: 2F
1-1: Ball
2-1: Foul Ball, location: 3F
2-2: Ball
3-2: Foul Ball, location: 9LSF
3-2: Base on Balls
Batting: SHB Braden Montgomery 0-0: DOUBLE (Line Drive, 89M, EV 100.0 MPH)
Paul Gillespie to third
Batting: RHB José Rodríguez 0-0: Intentional Walk
Batting: SHB Mathieu Morel 0-0: Swinging Strike
0-1: Ball
1-1: Called Strike
1-2: Ball
2-2: Strikes out swinging
Batting: RHB Austin Alderton 0-0: Ball
1-0: Called Strike
1-1: Swinging Strike
1-2: Ball
2-2: Strikes out swinging
Batting: SHB Jose Salas 0-0: Ball
1-0: Fly out, F8 (Flyball, 8RD, EV 100.0 MPH)
Top of the 6th over - 0 runs, 1 hit, 0 errors, 3 left on base; Daytona 3 - Lakeland 1
BOTTOM OF THE 6TH
Lakeland Flying Tigers batting - Pitching for Daytona Tortugas : RHP Kenny Shull
Batting: RHB Ismael Villarreal 0-0: Foul Ball, location: 5F
0-1: Ball
1-1: Ball
2-1: Foul Ball, location: 2F
2-2: SINGLE (Groundball, 4MD, EV 102.5 MPH)
Batting: LHB Freddie Brock 0-0: Fly out, F6 (Popup, 6MS, EV 77.5 MPH)
Batting: RHB Carlos Acevedo 0-0: Called Strike
0-1: Grounds into double play, 5-4-3 (Groundball, 56S, EV 84.4 MPH)
Bottom of the 6th over - 0 runs, 1 hit, 0 errors, 0 left on base; Daytona 3 - Lakeland 1
TOP OF THE 7TH
Daytona Tortugas batting - Pitching for Lakeland Flying Tigers : RHP Edgardo Ortíz
Batting: LHB Maui Ahuna 0-0: Ground out 1-3 (Groundball, P, EV 66.3 MPH)
Batting: LHB Wes Kath 0-0: Ground out 4-3 (Groundball, 4, EV 99.4 MPH)
Batting: RHB Silas Ardoin 0-0: SOLO HOME RUN (Flyball, 8RXD, EV 113.8 MPH), Distance : 452 ft
Batting: RHB Paul Gillespie 0-0: Called Strike
0-1: Ball
1-1: Ball
2-1: Swinging Strike
2-2: Ball
3-2: Foul Ball, location: 9LDF
3-2: SINGLE (Groundball, 23, EV 66.9 MPH) (infield hit)
Batting: SHB Braden Montgomery 0-0: Called Strike
0-1: SINGLE (Groundball, 4S, EV 66.9 MPH) (infield hit)
Paul Gillespie to second
Pitching: RHP Luis Segura
Batting: RHB José Rodríguez 0-0: Called Strike
0-1: Ball
1-1: Ground out 1-3 (Groundball, 13S, EV 73.8 MPH)
Top of the 7th over - 1 run, 3 hits, 0 errors, 2 left on base; Daytona 4 - Lakeland 1
BOTTOM OF THE 7TH
Lakeland Flying Tigers batting - Pitching for Daytona Tortugas : RHP Kenny Shull
Batting: RHB Dan Hernández 0-0: Ball
1-0: Fly out, F4 (Popup, 34, EV 70.6 MPH)
Pitching: RHP Jacob Misiorowski
Pinch Hitting: LHB Peter Ellison 0-0: Ball
1-0: Ball
2-0: Foul Ball, location: 3DF
2-1: Ball
3-1: Called Strike
3-2: Strikes out looking
Pinch Hitting: LHB Keith Powell 0-0: Called Strike
0-1: Ball
1-1: Ball
2-1: Swinging Strike
2-2: Ball
3-2: Strikes out swinging, 2-3 out at first.
Bottom of the 7th over - 0 runs, 0 hits, 0 errors, 0 left on base; Daytona 4 - Lakeland 1
TOP OF THE 8TH
Daytona Tortugas batting - Pitching for Lakeland Flying Tigers : RHP Luis Segura
Now at 3B: Ralph Cook
Now at SS: Patrick Pelini
Batting: SHB Mathieu Morel 0-0: Swinging Strike
0-1: Ball
1-1: Ball
2-1: Ball
3-1: Ground out U3 (Groundball, 3, EV 72.5 MPH)
Batting: RHB Austin Alderton 0-0: Ball
1-0: Called Strike
1-1: Foul Ball, location: 5F
1-2: Ground out 3-1 (Groundball, 34S, EV 78.8 MPH)
Batting: SHB Jose Salas 0-0: Swinging Strike
0-1: Ball
1-1: Single, Error in OF, E7, batter to second base (Line Drive, 78S, EV 94.4 MPH)
Batting: LHB Maui Ahuna 0-0: Called Strike
0-1: Ball
1-1: Ball
2-1: Ball
3-1: Called Strike
3-2: Fly out, F8 (Flyball, 8RD, EV 85.6 MPH)
Top of the 8th over - 0 runs, 1 hit, 1 error, 1 left on base; Daytona 4 - Lakeland 1
BOTTOM OF THE 8TH
Lakeland Flying Tigers batting - Pitching for Daytona Tortugas : RHP Jacob Misiorowski
Batting: RHB Rafael Núñez 0-0: Fly out, F8 (Line Drive, 8RS, EV 90.0 MPH)
Batting: LHB Julián Colón 0-0: Foul Ball, location: 7LSF
0-1: Swinging Strike
0-2: Strikes out swinging
Batting: RHB Ambrose MacDonald 0-0: Ball
1-0: Ball
2-0: Foul Ball, location: 2F
2-1: Fly out, F9 (Flyball, 89D, EV 108.8 MPH)
Bottom of the 8th over - 0 runs, 0 hits, 0 errors, 0 left on base; Daytona 4 - Lakeland 1
TOP OF THE 9TH
Daytona Tortugas batting - Pitching for Lakeland Flying Tigers : RHP Luis Segura
Batting: LHB Wes Kath 0-0: Called Strike
0-1: Foul Ball, location: 2F
0-2: Ball
1-2: Hit by Pitch
Batting: RHB Silas Ardoin 0-0: Ball
1-0: Called Strike
1-1: Swinging Strike
1-2: Fly out, F7 (Flyball, 7, EV 91.3 MPH)
Batting: RHB Paul Gillespie 0-0: Called Strike
0-1: Ball
1-1: Fly out, F5 (Line Drive, 5, EV 61.9 MPH)
Batting: SHB Braden Montgomery 0-0: Called Strike
0-1: Ball
1-1: Ball
2-1: Ball
3-1: Swinging Strike
3-2: Foul Ball, location: 2LF
3-2: Ground out 4-3 (Groundball, 34D, EV 99.4 MPH)
Top of the 9th over - 0 runs, 0 hits, 0 errors, 1 left on base; Daytona 4 - Lakeland 1
BOTTOM OF THE 9TH
Lakeland Flying Tigers batting - Pitching for Daytona Tortugas : RHP Jacob Misiorowski
Pitching: RHP Nathan Murphy
Batting: RHB Ismael Villarreal 0-0: SINGLE (Groundball, 6MD, EV 98.8 MPH)
Batting: LHB Freddie Brock 0-0: Swinging Strike
0-1: Ball
1-1: Swinging Strike
1-2: Ball
2-2: Foul Ball, location: 5F
2-2: Ball
3-2: Strikes out swinging
Batting: RHB Carlos Acevedo 0-0: Ball
1-0: Swinging Strike
1-1: Foul Ball, location: 25F
1-2: Strikes out swinging
Pinch Hitting: RHB Brett Allen 0-0: Ball
1-0: Fly out, F8 (Flyball, 89M, EV 93.8 MPH)
Bottom of the 9th over - 0 runs, 1 hit, 0 errors, 1 left on base; Daytona 4 - Lakeland 1
Thursday, May 2nd , 2024 - OOTP Baseball 24.11 Build 85